Map: Dusty Gorge

Players

DeadRapper - Winner!

  • Race: Zerg Zerg
  • League: Diamond
  • Spawn Location: 9:00

Ether - Winner!

  • Race: Zerg Zerg
  • League: Platinum
  • Spawn Location: 11:00

MonstroTown

  • Race: Terran Terran
  • Spawn Location: 3:00

Michael

  • Race: Zerg Zerg
  • League: Gold
  • Spawn Location: 5:00

VOD

Have the link to the VOD?

Description

Time

  • Played on: Sept. 16, 2018, 10:14 a.m.
  • Length: 9:37
Show
View Real Time Build Order
Export as new Build Order

DeadRapper Zerg - Winner!

Build Orders: Hatch First 

Get SALT Encoding   

  12  0:01  Drone  
  13  0:14  Overlord  
  13  0:18  Drone  
  14  0:33  Drone x2  
  16  0:37  Drone  
  17  0:49  Drone  
  18  1:01  Hatchery  
  18  1:03  Extractor  
  18  1:04  Drone  
  17  1:17  Spawning Pool  
  16  1:24  Drone x2  
  18  1:31  Drone  
  19  1:41  Overlord  
  19  1:52  Drone  
  20  2:02  Drone  
  20  2:04  Queen  
  20  2:07  Metabolic Boost  
  23  2:12  Queen  
  23  2:14  Zergling x2  
  26  2:16  Zergling x2  
  27  2:24  Overlord  
  27  2:31  Zergling x2  
  27  2:36  Baneling Nest  
  27  2:47  Spine Crawler  
  27  2:48  Zergling x6  
  29  2:55  Zergling x2  
  22  3:21  Queen  
  22  3:23  Drone x4  
  27  3:29  Drone x2  
  29  3:38  Drone  
  30  3:46  Drone  
  31  3:49  Drone x2  
  33  3:56  Overlord  
  33  4:00  Lair  
  33  4:01  Drone  
  34  4:15  Drone x4  
  37  4:18  Drone  
  37  4:21  Drone x3  
  37  4:22  Drone  
  42  4:31  Extractor  
  41  4:33  Drone  
  41  4:34  Extractor  
  41  4:43  Drone x5  
  46  4:54  Roach Warren  
  46  4:56  Extractor  
  44  5:09  Hydralisk Den  
  44  5:13  Spine Crawler  
  42  5:17  Zergling x6  
  42  5:18  Zergling x12  
  42  5:19  Zergling x2  
  52  5:37  Baneling x2  
  52  5:38  Baneling x5  
  52  5:39  Baneling  
  52  5:40  Grooved Spines  
  52  5:45  Overlord  
  52  5:46  Overlord x2  
  44  6:14  Hydralisk x2  
  44  6:15  Hydralisk x6  
  57  6:22  Baneling  
  57  6:23  Baneling  
  57  6:29  Drone x6  
  57  6:30  Drone x3  
  66  6:41  Drone x2  
  68  6:49  Lurker Den  
  67  6:54  Muscular Augments  
  67  6:55  Zergling x2  
  68  7:08  Overlord x2  
  68  7:14  Baneling x2  
  68  7:27  Hydralisk x3  
  68  7:28  Hydralisk x5  
  83  8:11  Overlord x6  
  83  8:12  Overlord x2  
  76  8:34  Hydralisk x5  
  76  8:35  Hydralisk  
  73  8:52  Zergling x12  
  79  8:56  Lurker  
  79  8:57  Lurker x2  
  79  8:59  Zergling x2  
  83  9:05  Hatchery  
  84  9:28  Hatchery  
Show
View Real Time Build Order
Export as new Build Order

Ether Zerg - Winner!

Build Orders: Hatch First 

Get SALT Encoding   

  12  0:05  Drone  
  13  0:18  Overlord  
  13  0:23  Drone  
  14  0:37  Drone x2  
  16  0:43  Drone  
  17  1:06  Extractor  
  17  1:07  Drone x2  
  18  1:13  Hatchery  
  17  1:24  Spawning Pool, Drone  
  17  1:27  Drone  
  18  1:43  Overlord  
  18  1:46  Drone  
  19  1:50  Extractor  
  18  2:12  Queen, Zergling x4  
  22  2:18  Zergling x2  
  22  2:20  Metabolic Boost  
  23  2:30  Zergling x4  
  25  2:47  Overlord x3  
  25  2:51  Drone  
  27  2:58  Zergling x2  
  25  3:23  Zergling x10  
  29  3:51  Drone x2  
  29  3:52  Drone x4  
  33  4:18  Drone x5  
  35  4:39  Drone x6  
  41  4:47  Lair  
  41  4:50  Spore Crawler  
  40  5:00  Extractor  
  40  5:01  Extractor, Hatchery, Spore Crawler  
  36  5:07  Evolution Chamber  
  36  5:09  Queen, Evolution Chamber  
  36  5:17  Drone  
  36  5:18  Drone x5  
  40  5:38  Zergling x4  
  41  5:48  Zergling x8  
  45  5:52  Spine Crawler  
  45  5:55  Zergling x2, Spine Crawler  
  45  5:56  Zergling x2  
  45  5:57  Spine Crawler  
  44  6:13  Drone x6  
  49  6:20  Zerg Missile Weapons Level 1, Zerg Ground Armor Level 1  
  49  6:26  Hydralisk Den  
  47  6:54  Hydralisk x2  
  47  6:55  Hydralisk x5  
  47  6:56  Hydralisk x2  
  47  6:58  Overlord x2  
  65  7:04  Grooved Spines  
  65  7:36  Hydralisk x2  
  65  7:37  Hydralisk x6  
  65  7:40  Overlord x2  
  81  7:58  Drone x3  
  83  7:59  Drone x2  
  86  8:15  Muscular Augments  
  75  8:27  Hydralisk x3  
  75  8:28  Hydralisk x6  
  91  8:38  Hydralisk x2  
  90  8:50  Extractor, Overlord  
  90  8:51  Zergling x8  
  90  8:52  Extractor, Zergling x6  
  95  9:17  Drone x4  
  95  9:18  Drone x3  
Show
View Real Time Build Order
Export as new Build Order

MonstroTown Terran 

Build Orders:  

Get SALT Encoding   

  12  0:01  SCV  
  13  0:13  SCV  
  14  0:18  Supply Depot  
  14  0:25  SCV  
  15  0:40  SCV, Barracks  
  16  0:52  SCV  
  17  0:57  Barracks  
  17  1:04  SCV  
  17  1:08  Supply Depot  
  18  1:16  SCV  
  19  1:22  Barracks  
  19  1:29  Marine  
  20  1:39  Barracks  
  20  1:45  Marine  
  21  1:47  Marine  
  21  1:50  SCV  
  23  2:01  Supply Depot  
  23  2:03  Marine  
  23  2:05  Marine  
  25  2:11  Marine  
  26  2:22  Marine  
  27  2:23  Marine  
  27  2:26  Marine  
  29  2:32  Marine  
  29  2:33  Supply Depot  
  30  2:42  Marine  
  30  2:43  Marine  
  32  2:51  Marine x2  
  33  3:10  Marine x2  
  33  3:11  Marine x2  
  27  3:28  Marine x3  
  29  3:37  Command Center  
  29  3:45  Marine  
  29  3:46  Marine  
  28  3:54  Orbital Command  
  28  4:07  Marine x3  
  28  4:08  Marine  
  32  4:21  SCV  
  33  4:25  Marine x2  
  35  4:33  SCV  
  36  4:45  SCV  
  36  4:50  Refinery  
  37  4:54  Marine, Orbital Command  
  37  4:55  Marine x2  
  37  4:59  Refinery  
  39  5:05  Marine  
  40  5:12  Marine  
  40  5:13  SCV  
  42  5:16  Marine x2  
  44  5:37  Marine x2  
  44  5:38  Marine x2  
  48  5:55  Marine x2  
  50  5:57  Marine x2  
  42  6:13  Marine  
  42  6:17  Marine  
  42  6:18  Marine x2  
  35  6:22  SCV x2  
  37  6:28  Factory  
  37  6:30  Marine  
  38  6:34  SCV x2  
  40  6:42  Marine x3  
  43  6:53  Barracks Tech Lab  
  43  6:54  Engineering Bay  
  43  7:00  Marine x2  
  45  7:04  SCV x2  
  45  7:05  Supply Depot  
  46  7:33  Command Center  
  46  7:38  Marauder, Marine x3  
  46  7:40  Combat Shields  
  46  7:43  Factory Tech Lab  
  51  7:50  Missile Turret  
  51  7:51  Command Center  
  45  8:20  Marine x2  
  45  8:21  Marauder, Marine  
  47  8:40  Marine x2  
  47  8:41  Marine  
  40  8:42  Marine  
  37  8:55  Siege Tank  
  40  8:58  Marine  
  40  9:01  Barracks Reactor  
  41  9:07  Starport  
  41  9:17  Marine x3  
Show
View Real Time Build Order
Export as new Build Order

Michael Zerg 

Build Orders: Pool First 

Get SALT Encoding   

  12  0:01  Drone  
  13  0:09  Drone  
  14  0:26  Overlord  
  14  0:37  Spawning Pool, Drone  
  14  0:47  Drone x2  
  14  0:49  Drone  
  17  1:03  Extractor, Drone  
  17  1:09  Drone  
  18  1:20  Drone  
  19  1:28  Hatchery  
  18  1:33  Queen  
  20  1:49  Zergling x4  
  22  1:57  Overlord  
  22  2:03  Extractor, Roach Warren  
  20  2:11  Drone, Evolution Chamber  
  20  2:25  Queen  
  22  2:31  Drone  
  22  2:36  Drone  
  24  2:42  Drone  
  24  2:44  Drone  
  25  2:52  Metabolic Boost  
  25  3:01  Drone x2  
  25  3:15  Drone x4  
  25  3:19  Drone  
  30  3:26  Roach  
  32  3:28  Roach  
  32  3:32  Roach  
  36  3:38  Overlord  
  36  3:43  Overlord  
  36  3:50  Overlord  
  36  3:55  Lair  
  34  4:03  Roach x2  
  34  4:16  Queen  
  33  4:20  Zergling x8  
  33  4:22  Zergling x2  
  34  4:28  Drone  
  34  4:29  Drone  
  36  4:39  Drone  
  37  4:49  Hatchery  
  36  4:54  Roach x3  
  42  5:01  Glial Reconstitution  
  42  5:03  Drone  
  42  5:04  Drone  
  42  5:05  Drone  
  45  5:10  Drone  
  45  5:11  Drone  
  47  5:19  Queen  
  47  5:38  Roach x5  
  57  5:49  Drone  
  59  5:50  Drone  
  59  5:52  Overlord  
  59  5:53  Overlord  
  56  6:15  Roach  
  56  6:16  Roach x5  
  60  6:20  Zergling x4  
  60  6:29  Drone x4  
  62  6:40  Roach x3  
  62  6:46  Hydralisk Den  
  67  6:48  Spore Crawler  
  67  6:49  Drone  
  67  6:51  Drone  
  67  6:53  Drone  
  69  7:07  Zerg Ground Armor Level 1  
  69  7:12  Roach x3  
  74  7:26  Roach x3  
  74  7:27  Zergling x2  
  74  7:29  Overlord x2  
  81  7:31  Overlord  
  81  7:44  Extractor  
  80  7:45  Drone  
  80  7:46  Extractor, Queen  
  80  7:47  Drone  
  80  7:48  Drone x2  
  80  7:49  Drone  
  80  7:50  Drone  
  87  7:52  Drone  
  87  7:55  Drone  
  89  8:12  Roach x6  
  99  8:27  Overlord x4  
  85  8:35  Drone x5  
  85  8:36  Drone x2  
  85  8:37  Drone  
  69  8:50  Hydralisk x4  
  77  9:02  Zergling x2  
  78  9:03  Zergling x12  
  84  9:12  Roach x4  
  84  9:15  Zergling x4  
  84  9:20  Zergling x2  
Tags
 
Add a new tag
Caveats
  • Supply blocks, unpowered buildings, or Contaminate may cause inaccurate times.
  • Supply counts are checked every 10 seconds.